AoeStats
← Abetterhandle

Lombardia

509836162Analyzed
4v4 RM · 4d ago on Sep 28, 2026· 71m 4s· 8 players
Game mode
Random Map
Map size
Large (8 player)
Population
200
Speed
Normal
Resources
Standard
Victory
Conquest
Starting age
Dark Age
Ending age
Imperial Age
RankedLock teamsTeams togetherTeam positionsShared explorationLock speedFull tech treeHidden civsTurbo modeCheats
Victory
Defeat
🇨🇳 Italians · China
1093
+10
🇨🇳 Mongols · China
1089
+11
🇨🇳 Hindustanis · China
1088
+11
🇨🇳 Danes · China
990
+15
🇨🇳 Romans · China
1076
-16
🇹🇷 Mongols · Türkiye
1028
-14
🇳🇿 Saxons · New Zealand
929
-10
🇹🇼 Spanish · Taiwan
829
-22
Abetterhandle
2:09 Loom
10:53 Feudal Age
14:34 Gold Mining
15:49 Double-Bit Axe
15:49 Horse Collar
20:26 Castle Age
19:39 Forging
21:38 Heavy Plow
27:34 Wheelbarrow
26:52 Town Watch
32:18 Imperial Age
31:36 Hand Cart
31:17 Stone Mining
33:06 Fletching
33:17 Padded Archer Armor
33:18 Scale Mail Armor
33:53 Iron Casting
34:14 Conscription
36:12 Leather Archer Armor
36:16 Chain Mail Armor
35:57 Bodkin Arrow
37:11 Bloodlines
37:03 Husbandry
40:55 Squires
40:40 Gambesons
40:19 Elite Varangian Guard
40:47 Arson
40:33 Elite Hearth Troop
42:35 Shield Wall
44:29 Plate Mail Armor
44:00 Bracer
51:21 Pikeman
52:33 Elite Skirmisher
53:21 Thumb Ring
joile003
10:30 Feudal Age
11:58 Wheelbarrow
11:10 Double-Bit Axe
22:39 Castle Age
23:55 Hand Cart
23:52 Bow Saw
23:25 Horse Collar
30:44 Gold Mining
35:41 Imperial Age
37:34 Elite Conquistador
40:01 Fletching
40:51 Husbandry
45:37 Bodkin Arrow
46:48 Herbal Medicine
59:32 Light Cavalry
60:23 Bloodlines
63:09 Forging
63:05 Scale Barding Armor
63:38 Conscription
63:43 Town Watch
68:04 Chain Barding Armor
68:20 Iron Casting
69:16 Hussar
Kabraxxxis
8:12 Loom
10:00 Feudal Age
11:58 Double-Bit Axe
17:08 Castle Age
16:20 Stone Mining
16:26 Gold Mining
16:43 Horse Collar
19:39 Wheelbarrow
19:54 Bow Saw
20:02 Bow Saw
29:13 Hand Cart
28:44 Town Watch
29:43 Fletching
29:53 Padded Archer Armor
35:19 Imperial Age
35:25 Leather Archer Armor
35:05 Bodkin Arrow
35:34 Ballistics
35:35 Thumb Ring
36:53 Conscription
37:45 Chemistry
38:19 Parthian Tactics
38:23 Bracer
38:47 Scale Barding Armor
40:27 Gold Shaft Mining
41:11 Chain Barding Armor
42:29 Elite Mangudai
42:42 Heavy Cavalry Archer
47:24 Scale Mail Armor
47:34 Forging
53:17 Caravan
55:58 Elite Steppe Lancer
56:49 Bloodlines
56:40 Husbandry
56:51 Light Cavalry
62:01 Heavy Plow
king vitt
0:31 Loom
16:10 Feudal Age
17:26 Wheelbarrow
17:00 Horse Collar
17:08 Double-Bit Axe
21:02 Castle Age
22:00 Hand Cart
22:34 Bow Saw
22:28 Heavy Plow
23:06 Gold Mining
23:18 Stone Mining
24:54 Gold Shaft Mining
33:59 Imperial Age
32:27 Ballistics
32:26 Ballistas
32:26 Squires
31:48 Man-at-Arms
32:31 Scale Mail Armor
32:42 Forging
35:02 Long Swordsman
36:00 Chain Mail Armor
36:21 Iron Casting
36:09 Comitatenses
36:09 Conscription
35:17 Heavy Scorpion
37:01 Chemistry
37:07 Siege Engineers
36:44 Legionary
39:21 Blast Furnace
57:20 Town Watch
83716497273
11:12 Feudal Age
11:46 Horse Collar
16:05 Castle Age
14:20 Double-Bit Axe
19:22 Bow Saw
20:54 Stone Mining
24:03 Gold Mining
28:42 Gold Shaft Mining
29:20 Wheelbarrow
28:31 Loom
32:01 Imperial Age
30:35 Stone Shaft Mining
29:50 Town Watch
30:14 Scale Mail Armor
30:58 Hand Cart
30:43 Town Patrol
32:50 Chain Mail Armor
32:45 Forging
32:38 Town Patrol
32:55 Heavy Plow
34:49 Plate Mail Armor
34:57 Iron Casting
36:09 Gambesons
36:24 Squires
36:09 Arson
35:45 Elite Varangian Guard
38:15 Blast Furnace
36:40 Capped Ram
38:15 Siege Engineers
37:40 Siege Ram
37:50 Siege Ram
40:24 Conscription
40:59 Northmen's Fury
40:59 Hamask
43:19 Caravan
47:10 Hamask
48:27 Hoardings
48:54 Fletching
49:02 Murder Holes
50:07 Chemistry
49:28 Ballistics
49:18 Masonry
49:48 Bodkin Arrow
50:40 Bracer
无语
12:35 Feudal Age
14:29 Double-Bit Axe
16:54 Castle Age
14:52 Horse Collar
16:56 Wheelbarrow
18:20 Bow Saw
22:04 Heavy Plow
28:42 Caravan
29:59 Gold Mining
31:10 Silk Road
31:23 Hand Cart
30:54 Loom
30:55 Town Watch
31:09 Stone Mining
35:27 Imperial Age
32:43 Town Watch
32:43 Loom
32:51 Fletching
33:01 Padded Archer Armor
36:14 Stone Shaft Mining
37:10 Coinage
36:51 Guilds
37:16 Conscription
36:40 Elite Genoese Crossbowman
37:43 Thumb Ring
37:41 Bodkin Arrow
38:01 Leather Archer Armor
37:41 Bodkin Arrow
39:55 Two-Man Saw
39:08 Bracer
39:23 Leather Archer Armor
39:08 Bracer
41:04 Crop Rotation
41:43 Chemistry
41:15 Ballistics
42:09 Ring Archer Armor
41:21 Treadmill Crane
42:55 Banking
49:33 Hoardings
49:09 Pirotechnia
52:32 Pikeman
53:12 Squires
52:58 Arson
55:53 Forging
55:43 Scale Mail Armor
55:48 Scale Barding Armor
55:44 Scale Mail Armor
55:54 Forging
61:59 Treadmill Crane
62:31 Masonry
62:40 Chain Mail Armor
63:00 Iron Casting
62:40 Chain Mail Armor
63:00 Iron Casting
69:06 Architecture
68:48 Fortified Wall
68:26 Arrowslits
68:37 Murder Holes
69:18 Plate Mail Armor
69:48 Blast Furnace
69:08 Chain Barding Armor
碧蓝档案糕手
11:10 Feudal Age
12:16 Double-Bit Axe
14:41 Castle Age
15:25 Loom
19:06 Town Watch
19:57 Wheelbarrow
19:17 Horse Collar
24:46 Gold Mining
25:23 Hand Cart
29:31 Imperial Age
27:44 Fletching
27:54 Padded Archer Armor
28:55 Bodkin Arrow
29:44 Stone Mining
30:32 Gold Shaft Mining
31:42 Chemistry
31:02 Ballistics
30:14 Elite Mangudai
32:06 Parthian Tactics
32:06 Conscription
32:01 Bracer
33:11 Stone Shaft Mining
33:21 Thumb Ring
36:12 Leather Archer Armor
37:47 Drill
37:47 Bow Saw
38:41 Caravan
39:29 Fortified Wall
38:49 Capped Ram
40:47 Coinage
41:49 Bloodlines
41:39 Husbandry
45:35 Forging
45:25 Scale Mail Armor
45:30 Scale Barding Armor
45:02 Siege Ram
45:02 Heavy Scorpion
46:28 Hoardings
45:23 Sappers
45:54 Nomads
50:24 Light Cavalry
50:24 Cavalier
53:19 Hussar
60:08 Elite Skirmisher
60:52 Squires
60:37 Arson
69:20 Elite Steppe Lancer
69:21 Heavy Camel Rider
70:14 Masonry
70:09 Siege Engineers
70:00 Murder Holes
69:56 Guard Tower
Otto der Große
9:00 Loom
9:06 Loom
11:29 Feudal Age
15:18 Castle Age
13:08 Double-Bit Axe
18:20 Horse Collar
20:04 Bow Saw
30:22 Imperial Age
28:29 Wheelbarrow
27:39 Town Watch
28:29 Scale Barding Armor
28:34 Forging
28:25 Grand Trunk Road
30:53 Husbandry
31:03 Bloodlines
32:09 Two-Man Saw
31:11 Heavy Plow
31:03 Stone Mining
31:03 Gold Mining
30:52 Heavy Camel Rider
31:54 Chain Barding Armor
32:09 Iron Casting
31:54 Chain Barding Armor
32:09 Iron Casting
31:56 Conscription
33:46 Imperial Camel Rider
36:01 Blast Furnace
35:36 Plate Barding Armor
36:02 Blast Furnace
36:17 Caravan
36:49 Coinage
37:01 Fortified Wall
37:02 Masonry
36:57 Siege Engineers
37:13 Ballistics
37:54 Chemistry
39:00 Banking
41:56 Hand Cart
41:41 Town Patrol
71:02 Spies/Treason
Connection lost

Rejoining the realm…

Still unreachable

The connection could not be restored.

Session expired

The server has moved on; the page needs a fresh start.